 Dungeon Crawl Stone Soup version 0.26-a0-818-g75db068ed4 (webtiles) character file.

Game seed: 7938763021756829441

946097 dickylongcocking the Conqueror (level 27, -13/245 HPs)
             Began as a Minotaur Fighter on Nov 14, 2020.
             Was the Champion of Zin.
             Killed from afar by a Brimstone Fiend (33 damage)
             ... with damnation
             ... on level 7 of Gehenna on Nov 15, 2020.
             The game lasted 02:37:22 (89325 turns).

dickylongcocking the Conqueror (Minotaur Fighter)  Turns: 89325, Time: 02:37:23

Health: -13/245    AC: 55    Str: 48    XL:     27
Magic:  0/37       EV: 27    Int:  8    God:    Zin [******]
Gold:   3660       SH: 17    Dex: 16    Spells: 26/26 levels left

rFire    + + +     SeeInvis .   m - +9 sacred scourge (holy)
rCold    + + .     Faith    .   L - +0 kite shield {reflect}
rNeg     . . .     Spirit   +   X - +12 gold dragon scales
rPois    ∞         Reflect  +   k - +3 hat of Bedevilment {MR+ Regen+ rCorr}
rElec    +         Harm     .   v - scarf {rC+ rF+}
rCorr    +         Rampage  .   B - +3 pair of gauntlets of War {Slay+5}
MR       +++..                  o - +1 pair of boots {run}
Stlth    ..........             z - amulet of Sahaboco {Spirit Str+4}
HPRegen  0.90/turn              U - ring of Robustness {AC+8}
MPRegen  0.25/turn              I - ring of the Death Scarab {rElec rF+ Str+6}

@: vitalised, quick
A: retaliatory headbutt, horns 2, molten scales 2, deformed body, dopey 1, frail
1, high mp 1, poison resistance, no potion heal 1
}: 6/15 runes: serpentine, barnacled, slimy, silver, icy, abyssal
a: Recite, Vitalisation, Imprison, Sanctuary, Donate Gold, Renounce Religion


You were on level 7 of Gehenna.
You worshipped Zin.
Zin was exalted by your worship.
You visited 16 branches of the dungeon, and saw 76 of its levels.
You visited the Abyss 2 times.
You also visited: Trove and Wizlab.

You collected 11949 gold pieces.
You spent 8097 gold pieces at shops.
You donated 192 gold pieces to Zin.

Inventory:

Hand Weapons
 b - the +8 mithril axe "Arga" {speed, MR+}
   (You acquired it on level 12 of the Dungeon)

   Attacks with this weapon are significantly faster.
   It affects your resistance to hostile enchantments.
 m - a +9 sacred scourge of holy wrath (weapon)
Missiles
 g - 101 boomerangs (quivered)
 x - 49 silver javelins
 C - 32 silver boomerangs
 M - 8 boomerangs of dispersal
 R - 50 javelins
Armour
 c - a scarf of repulsion
 k - the +3 hat of Bedevilment (worn) {MR+ Regen+ rCorr}
   (You found it in a treasure trove)

   It affects your resistance to hostile enchantments.
   It increases your rate of regeneration.
   It provides partial protection from all sources of acid and corrosion.
 o - a +1 pair of boots of running (worn)
 v - a scarf of resistance (worn)
 A - the +0 pair of fencer's gloves {Riposte Dex+3}
   (You acquired it on level 5 of the Abyss)

   It affects your dexterity (+3).
 B - the +3 pair of gauntlets of War (worn) {Slay+5}
   (You found it on level 3 of the Elven Halls)

   It affects your accuracy and damage with ranged weapons and melee attacks
   (+5).
 L - a +0 kite shield of reflection (worn)
 X - +12 gold dragon scales (worn)
Jewellery
 a - the ring of Ekiefer {rF- rC++ rN+ Dex+3 Stlth+}
   (You found it on level 5 of the Pits of Slime)

   [ring of positive energy]

   It affects your dexterity (+3).
   It makes you vulnerable to fire.
   It greatly protects you from cold.
   It protects you from negative energy.
   It makes you more stealthy.
 z - the amulet of Sahaboco (around neck) {Spirit Str+4}
   (You found it on level 11 of the Dungeon)

   [amulet of guardian spirit]

   It causes incoming damage to be split between your health and magic.
   It affects your strength (+4).
 D - the amulet "Fuqibitta" {rPois rC++ Regen+}
   (You found it on level 3 of the Elven Halls)

   [amulet of regeneration]

   It greatly protects you from cold.
   It protects you from poison.
   It increases your rate of regeneration.
 E - the amulet of the Four Winds {rN+ MR+++ Clar}
   (You bought it in a shop on level 1 of the Elven Halls)

   [amulet of nothing]

   It protects you from negative energy.
   It affects your resistance to hostile enchantments.
   It protects you against confusion.
 G - a +4 ring of slaying
 I - the ring of the Death Scarab (right hand) {rElec rF+ Str+6}
   (You acquired it on level 11 of the Dungeon)

   [ring of strength]

   It affects your strength (+6).
   It protects you from fire.
   It insulates you from electricity.
 N - an uncursed ring of protection from fire
 Q - an uncursed ring of fire
 U - the ring of Robustness (left hand) {AC+8}
   (You found it on level 5 of the Pits of Slime)

   [ring of protection]

   It affects your AC (+8).
Wands
 p - a wand of paralysis (14)
 s - a wand of iceblast (4)
 K - a wand of acid (5)
 V - a wand of digging (12)
Scrolls
 d - 4 scrolls of holy word
 i - 4 scrolls of enchant weapon
 j - 28 scrolls of teleportation
 l - 2 scrolls of blinking
 q - a scroll of brand weapon
 t - 38 scrolls of remove curse
 w - 2 scrolls of magic mapping
 y - 15 scrolls of fog
 F - 9 scrolls of fear
 J - 10 scrolls of identify
 T - 2 scrolls of silence
Potions
 e - 36 potions of curing
 f - 8 potions of resistance
 h - 3 potions of might
 n - 2 potions of brilliance
 r - 7 potions of berserk rage
 u - 5 potions of ambrosia
 H - 3 potions of invisibility
 O - a potion of cancellation
Miscellaneous
 P - a phantom mirror


   Skills:
 O Level 27 Fighting
 - Level 17.6(20.0) Axes
 - Level 16.7(19.5) Maces & Flails
 * Level 26.4 Throwing
 O Level 27 Armour
 O Level 27 Dodging
 - Level 6.6 Stealth
 - Level 16.1 Shields
 * Level 16.7 Invocations
 - Level 8.6 Evocations


You had 26 spell levels left.
You didn't know any spells.
Your spell library contained the following spells:

 Spells                   Type           Power        Failure   Level
 Animate Skeleton         Necr           #.....       77%         1
 Apportation              Tloc           #.....       77%         1
 Corona                   Hex            #......      77%         1
 Foxfire                  Conj/Fire      #...         77%         1
 Magic Dart               Conj           #...         77%         1
 Pain                     Necr           #...         77%         1
 Shock                    Conj/Air       #...         77%         1
 Summon Small Mammal      Summ           #...         77%         1
 Blink                    Tloc           N/A          88%         2
 Call Imp                 Summ           #.......     88%         2
 Corpse Rot               Necr/Air       N/A          88%         2
 Ensorcelled Hibernation  Hex/Ice        #.....       88%         2
 Searing Ray              Conj           #.....       88%         2
 Slow                     Hex            #.......     88%         2
 Sublimation of Blood     Necr           #.........   88%         2
 Swiftness                Air            #.......     88%         2
 Confusing Touch          Hex            #.......     98%         3
 Conjure Flame            Conj/Fire      #.......     98%         3
 Dazzling Flash           Conj/Hex       #.....       98%         3
 Gell's Gravitas          Tloc           #.........   98%         3
 Ignite Poison            Fire/Tmut/Pois #.......     98%         3
 Lesser Beckoning         Tloc           #.........   98%         3
 Mephitic Cloud           Conj/Pois/Air  #.......     98%         3
 Ozocubu's Armour         Ice            #.......     98%         3
 Static Discharge         Conj/Air       #.......     98%         3
 Stone Arrow              Conj/Erth      #.....       98%         3
 Summon Guardian Golem    Hex/Summ       #.......     98%         3
 Teleport Other           Tloc           #.......     98%         3
 Tukima's Dance           Hex            #.......     98%         3
 Vampiric Draining        Necr           #.........   98%         3
 Airstrike                Air            #.........   100%        4
 Animate Dead             Necr           #.........   100%        4
 Cause Fear               Hex            #.........   100%        4
 Dispel Undead            Necr           #.......     100%        4
 Fulminant Prism          Conj/Hex       #.........   100%        4
 Iskenderun's Mystic Bla  Conj/Tloc      #.......     100%        4
 Leda's Liquefaction      Hex/Erth       #.........   100%        4
 Passage of Golubria      Tloc           N/A          100%        4
 Agony                    Necr           #.......     100%        5
 Alistair's Intoxication  Tmut/Pois      #........    100%        5
 Bolt of Magma            Conj/Fire/Erth #.........   100%        5
 Borgnjor's Vile Clutch   Necr/Erth      #.........   100%        5
 Excruciating Wounds      Necr           #.........   100%        5
 Fireball                 Conj/Fire      #.........   100%        5
 Irradiate                Conj/Tmut      #.........   100%        5
 Lightning Bolt           Conj/Air       #.........   100%        5
 Silence                  Hex/Air        #.........   100%        5
 Summon Forest            Summ/Tloc      #.........   100%        5
 Yara's Violent Unravell  Hex/Tmut       #.........   100%        5
 Death Channel            Necr           #.........   100%        6
 Eringya's Noxious Bog    Tmut/Pois      #.........   100%        6
 Hydra Form               Tmut           #.........   100%        6
 Invisibility             Hex            #.......     100%        6
 Iron Shot                Conj/Erth      #.........   100%        6
 Ozocubu's Refrigeration  Ice            #.........   100%        6
 Shadow Creatures         Summ           N/A          100%        6
 Simulacrum               Ice/Necr       #.........   100%        6
 Starburst                Conj/Fire      #.........   100%        6
 Statue Form              Tmut/Erth      #........    100%        6
 Dragon Form              Tmut           #.........   100%        7
 Spellforged Servitor     Conj/Summ      #.........   100%        7
 Summon Hydra             Summ           #.........   100%        7
 Discord                  Hex            #.........   100%        8
 Ignition                 Fire           #.........   100%        8
 Shatter                  Erth           #.........   100%        9
 Tornado                  Air            #.........   100%        9


Dungeon Overview and Level Annotations

Branches:
Dungeon (15/15)            Temple (1/1) D:7            Lair (6/6) D:11
 Shoals (4/4) Lair:4        Snake (4/4) Lair:3        Slime (5/5) Lair:6
    Orc (2/2) D:11            Elf (3/3) Orc:2        Vaults (5/5) D:13
  Crypt (3/3) Vaults:2       Tomb (0/3) Crypt:3      Depths (5/5) D:15
   Hell (visited)             Dis (3/7) Hell            Geh (7/7) Hell
    Coc (7/7) Hell            Tar (0/7) Hell            Zot (5/5) Depths:5
 WizLab (visited)

Altars:
Ashenzari
Dithmenos
Elyvilon
Fedhas
Gozag
Hepliaklqana
Kikubaaqudgha
Makhleb
Nemelex Xobeh
Okawaru
Qazlal
Ru
Sif Muna
Trog
Uskayaw
Vehumet
Wu Jian
Xom
Yredelemnul
Zin
The Shining One
Beogh
Jiyva
Lugonu

Shops:
D:6 [   D:7 ?   D:8 (   Orc:2 *!:!   Elf:1 =   Elf:3 :   Shoals:2 (=
Shoals:3 **}!   Snake:1 :   Snake:2 [[:   Vaults:1 :   Vaults:2 (   Vaults:4 *
Vaults:5 (*!!?}=*   Depths:1 [=   Depths:2 }=}   Depths:3 }

Portals:
Hell: Depths:1 Depths:2 Depths:3 Depths:4 Depths:5
Abyss: Crypt:1 Depths:4 Depths:5
Pandemonium: Depths:3
Ziggurat: Depths:5

Annotations:
D:14 3 runed translucent doors
Lair:1 exclusion: 2 oklob plants
Orc:2 1 runed translucent door, Deeps's ghost, journeyman HOFi


Innate Abilities, Weirdness & Mutations

You reflexively headbutt those who attack you in melee.
You have a pair of horns on your head.
You are mostly covered in molten scales. (AC +3)
Armour fits poorly on your strangely shaped body.
You are dopey. (Int -2)
You are frail. (-10% HP)
You have an increased reservoir of magic. (+10% MP)
Your system is resistant to poisons. (rPois)
Potions are less effective at restoring your health.


Message History

The Brimstone Fiend is frozen!
The Brimstone Fiend is lightly wounded.
The Brimstone Fiend gestures at you.
The sphere of damnation explodes!
The damnation engulfs you!!
* * * LOW HITPOINT WARNING * * *
Unknown command.
Unknown command.
Unknown command.
Unknown command.
Unknown command.
Unknown command.
Unknown command.
Unknown command.
Unknown command.
Okay, then.
Unknown command.
Zin grants you divine stamina. The Brimstone Fiend gestures at you.
The sphere of damnation explodes!
The damnation engulfs you!!
You die...

≈≈≈≈..≈≈≈.#.....'...............'
§§≈≈§..≈≈.##########............#
§§≈≈......#}$$|[$$}#............#
§§§§......#$$$$$$$$##############
≈§≈..)....#$$=.[$$)#.........)..†
≈≈≈≈......#:1$$$$$$#............#
≈≈≈≈......#$=$}$$|$#'############
≈≈≈≈......########1#....)........
≈≈≈≈≈§§...#$$$$$@'.#.............
≈≈≈§§§....#$$$$$$#)#.............
§≈§≈§§....#$$.$$$#.#############'
≈≈§§≈§....#$$$$$$#..'............
≈≈§§≈≈≈...#########+#############
≈≈≈§≈≈≈≈..)......#*,,,,,,,,,,*#..
≈≈≈§≈≈§§≈≈.......##*,,,,,,,,,*#^.
§≈≈≈≈≈≈≈≈≈≈)......#*,,,,,,,,,*#..
.≈≈§§≈≈≈≈§≈§≈§.§..#*******+***#..


You could see a Brimstone Fiend.

Vanquished Creatures
  Antaeus (Coc:7)
  Dissolution (Slime:2)
  Mara (Depths:2)
  5 orbs of fire (Zot:5)
  Mennas (Depths:3)
  3 ancient liches
  2 juggernauts (Depths:5)
  Sojobo (Crypt:1)
  Boris (twice) (Depths:4 Crypt:1)
  Frederick (Crypt:3)
  3 Killer Klowns (Zot:5)
  Margery (Vaults:5)
  15 shard shrikes (Coc:7)
  4 curse toes
  Saint Roka (Vaults:1)
  3 caustic shrikes (Depths:5)
  12 golden dragons
  Geryon (Hell)
  2 bone dragons (Abyss:4)
  4 electric golems
  6 Brimstone Fiends
  Jorgrun (Shoals:2)
  6 hellephants
  17 tentacled monstrosities
  9 Ice Fiends (Coc:7)
  25 Orb Guardians (Zot:5)
  A shard shrike skeleton (Crypt:2)
  7 liches
  11 quicksilver dragons
  10 deep elf blademasters
  4 deep elf master archers
  13 death cobs
  Murray (Depths:1)
  24 acid blobs
  Frances (Shoals:2)
  14 titans
  Polyphemus (Shoals:3)
  4 Executioners
  A kraken (Shoals:2)
  4 ancient champions
  5 tentacled starspawn
  12 tengu reavers
  2 sphinxes
  The ghost of Kias the Severer, an adept MiBe of Trog (D:15)
  14 storm dragons
  16 shadow dragons
  6 draconian monks
  Ilsuiw (Shoals:2)
  9 nagarajas (Snake:4)
  Donald (Shoals:3)
  4 revenants
  16 fire giants
  10 azure jellies
  The ghost of Awnudaz the Basher, a journeyman TrHu of Okawaru (D:15)
  10 deep elf sorcerers
  8 draconian scorchers
  A ghost moth (shapeshifter) (Vaults:5)
  3 orc warlords
  4 iron dragons
  12 balrugs
  A ghost moth (Zot:3)
  4 draconian shifters
  28 frost giants
  17 vault wardens
  4 ghouls (Crypt:2)
  8 draconian knights
  Aizul (Snake:1)
  5 deep elf elementalists
  14 ironheart preservers
  32 very ugly things
  4 draconian stormcallers
  14 reapers
  23 vampire knights
  5 draconian annihilators
  6 war gargoyles
  2 entropy weavers (Vaults:1)
  5 deep elf demonologists
  4 elemental wellsprings
  33 stone giants
  61 starcursed masses
  An ophan (Abyss:5)
  18 black draconians
  3 lorocyprocas (Abyss:4)
  8 green draconians
  15 yellow draconians
  10 deep elf annihilators
  The ghost of Lifa Ysm the Blocker, a journeyman DsBe of Trog (D:15)
  7 purple draconians
  10 red draconians
  13 white draconians
  8 dire elephants (Abyss:4)
  19 ettins
  9 eidola
  6 spark wasps
  The ghost of Panli the Archer, a journeyman CeAM of Okawaru (Lair:5)
  6 crystal guardians
  5 quicksilver dragon zombies
  A merfolk javelineer (Shoals:4)
  2 mummy priests
  10 merfolk impalers
  11 death oozes
  15 great orbs of eyes
  10 deep elf death magi
  21 jiangshi
  11 blizzard demons
  12 ogre magi
  7 fire dragons
  3 kraken zombies
  2 green deaths (Abyss:4)
  A great orb of eyes (shapeshifter) (Vaults:5)
  6 deep elf high priests
  6 rakshasas
  15 yaktaur captains
  31 vault guards
  A hell beast (Depths:1)
  11 hydras
  13 naga warriors
  A spriggan air mage (Depths:3)
  3 alligator snapping turtles (Shoals:4)
  8 anacondas
  29 ice dragons
  8 boulder beetles
  6 merfolk avatars
  11 centaur warriors
  2 catoblepae
  4 merfolk aquamancers (Shoals:4)
  An alligator (Shoals:3)
  9 deep troll shamans
  An alligator (shapeshifter) (Elf:2)
  27 two-headed ogres
  12 death knights
  42 dancing weapons
  4 satyrs
  20 hell hogs
  5 tengu warriors
  8 deep troll earth magi
  11 vampire magi
  7 titan zombies
  2 death yaks (Shoals:3)
  16 naga sharpshooters
  A shock serpent (shapeshifter) (Depths:3)
  4 orc high priests
  3 spriggan berserkers
  A goliath frog (shapeshifter) (Vaults:5)
  7 shock serpents
  6 storm dragon zombies
  23 thrashing horrors
  A soul eater (Hell)
  16 wretched stars
  24 deep elf knights
  9 titan skeletons
  11 sun demons
  51 hell knights
  7 salamander mystics
  5 storm dragon skeletons
  2 ghost moth zombies
  3 iron golems
  A sea snake (shapeshifter) (Depths:1)
  A fire crab (shapeshifter) (Abyss:4)
  A death drake (shapeshifter) (Vaults:1)
  5 sixfirhies
  6 anaconda zombies
  3 unseen horrors
  32 skeletal warriors
  5 shadow wraiths
  3 spatial maelstroms
  6 iron trolls
  A deep troll (shapeshifter) (Depths:4)
  35 deep trolls
  A quicksilver dragon simulacrum (Coc:7)
  A swamp dragon (shapeshifter) (Abyss:4)
  15 flayed ghosts
  4 naga ritualists
  14 sea snakes
  7 glowing orange brains
  3 golden dragon zombies
  5 golden dragon skeletons
  An orange crystal statue (D:14)
  18 phantasmal warriors
  2 bog bodies (Crypt:2)
  An obsidian statue (D:14)
  11 harpies
  2 tengu zombies
  26 deep elf archers
  2 anaconda skeletons
  7 wolf spider zombies
  24 orc knights
  6 wizards
  A harpy (shapeshifter) (Vaults:5)
  2 shadow dragon zombies
  7 ironbrand convokers
  A wolf spider (Vaults:2)
  18 necromancers
  An orb spider (shapeshifter) (Depths:3)
  10 mana vipers
  4 fire giant zombies
  7 stone giant zombies
  2 iron dragon zombies
  5 shadow dragon skeletons
  84 deep elf magi
  5 frost giant zombies
  A cyclops (shapeshifter) (Vaults:5)
  7 shining eyes
  7 orc sorcerers
  A manticore (shapeshifter) (Vaults:5)
  An orb spider (Abyss:4)
  24 fauns
  15 manticores
  7 worldbinders
  11 cyclopes
  2 iron dragon skeletons
  4 stone giant skeletons
  9 salamanders
  Maurice (D:8)
  2 tengu skeletons
  52 ugly things
  21 naga magi
  30 moths of wrath
  29 black mambas
  6 frost giant skeletons
  3 shock serpent zombies
  10 guardian serpents
  A dire elephant zombie (Coc:2)
  6 water nymphs
  A human skeleton (Vaults:5)
  12 elephants
  23 smoke demons
  5 rust devils
  10 vault sentinels
  A fire giant skeleton (Geh:4)
  6 gargoyles
  6 ice statues
  3 apocalypse crabs
  20 molten gargoyles
  5 merfolk sirens
  5 spectral swamp worms (Depths:3)
  3 eyes of devastation
  3 dire elephant skeletons
  2 orange demons
  A shock serpent skeleton (Geh:4)
  A purple draconian zombie (Crypt:1)
  19 cane toads
  An emperor scorpion zombie (Coc:7)
  2 orc skeletons
  66 yaktaurs
  A demonic crawler (Depths:1)
  17 komodo dragons
  39 freezing wraiths
  A kobold demonologist (Abyss:4)
  5 rime drakes
  16 tormentors
  3 efreet
  A yaktaur (shapeshifter) (Vaults:4)
  4 tengu conjurers
  A rime drake (shapeshifter) (Vaults:1)
  10 ancient zymes
  15 hellions
  An iron troll zombie (Crypt:2)
  An anaconda simulacrum (Coc:2)
  A harpy zombie (Coc:7)
  50 ice devils
  9 hellwings
  2 yellow draconian skeletons
  9 hydra zombies
  6 guardian mummies (Crypt:3)
  23 merfolk
  20 red devils
  A jumping spider (shapeshifter) (Vaults:1)
  3 polar bears
  A jumping spider (Vaults:1)
  2 tyrant leeches (Abyss:5)
  A wolf spider simulacrum (Vaults:1)
  A meliai (shapeshifter) (D:15)
  7 trolls
  5 wind drakes
  A merfolk (shapeshifter) (Depths:1)
  A polar bear (shapeshifter) (Elf:2)
  7 hydra skeletons
  11 hornets
  A troll (shapeshifter) (Vaults:5)
  A blink frog (shapeshifter) (Vaults:3)
  3 hornets (shapeshifter)
  90 slime creatures
  An iron dragon simulacrum (Depths:1)
  15 blink frogs
  41 large abominations
  4 alligator zombies
  8 ettin zombies
  3 fire dragon zombies
  2 harpy skeletons
  14 snapping turtles
  5 ice dragon zombies
  33 raiju
  3 stone giant simulacra
  8 dream sheep
  A meliai zombie (D:12)
  2 black mamba zombies
  A redback (Vaults:1)
  50 flying skulls
  20 vampires
  9 ettin skeletons
  A spriggan (shapeshifter) (Elf:2)
  4 ice dragon skeletons
  4 air elementals
  7 fire dragon skeletons
  8 shadows
  5 spriggans (Lair:5)
  32 water elementals
  10 ynoxinuls
  9 wyverns
  An alligator skeleton (Coc:7)
  54 yaks
  30 fire elementals
  A black mamba skeleton (Geh:4)
  15 fire bats
  30 wraiths
  6 basilisks
  Grum (D:7)
  A basilisk (shapeshifter) (Vaults:3)
  2 golden eyes
  2 yaktaur simulacra
  10 chaos spawn
  11 neqoxecs
  A steam dragon (shapeshifter) (D:14)
  A wind drake skeleton (Crypt:3)
  A vampire mosquito (D:14)
  3 wargs
  69 nagas
  6 spatial vortices
  2 hydra simulacra
  A harpy simulacrum (Coc:2)
  A soldier ant (shapeshifter) (Vaults:4)
  3 acid dragons
  A merfolk skeleton (Coc:7)
  A soldier ant (D:13)
  16 water moccasins
  13 cane toad zombies
  30 hell hounds
  5 cane toad skeletons
  3 elf zombies
  35 orc warriors
  A swamp drake (D:11)
  3 sky beasts
  A swamp dragon zombie (Geh:1)
  An ettin simulacrum (Abyss:4)
  10 necrophages
  8 eyes of draining
  14 ice beasts
  5 black bears
  4 snapping turtle zombies
  37 ogres
  2 alligator simulacra (Hell)
  3 boggarts (Depths:3)
  2 manticore skeletons
  35 centaurs
  6 phantoms
  22 wolves
  4 big kobolds
  A swamp dragon skeleton (Crypt:2)
  2 human zombies (Vaults:1)
  25 bullfrogs
  The ghost of Maimakterion the Covert, an amateur SpDe of Dithmenos (D:5)
  29 small abominations
  10 earth elementals
  2 wyvern zombies
  4 gnoll sergeants (D:7)
  A cyclops zombie (Crypt:3)
  3 wyvern skeletons
  4 scorpions
  A queen bee zombie (Crypt:2)
  A warg zombie (Crypt:1)
  14 killer bees
  A troll skeleton (Crypt:2)
  3 electric eels
  40 wights
  2 howler monkeys
  A bullfrog zombie (D:4)
  5 centaur zombies
  A crimson imp (Geh:6)
  7 quasits
  3 gnoll shamans (D:7)
  10 hounds
  20 orc priests
  4 jellies
  4 bullfrog skeletons
  A black bear skeleton (Crypt:3)
  7 centaur skeletons
  5 iguanas
  5 iron imps
  12 hell rats
  15 worker ants
  18 orc wizards
  A big kobold skeleton (Crypt:2)
  A naga skeleton (Coc:2)
  An ogre zombie (Crypt:3)
  An ogre skeleton (Crypt:3)
  A worker ant zombie (Crypt:1)
  18 gnolls
  13 adders
  A scorpion zombie (Crypt:3)
  4 shadow imps
  A swamp drake skeleton (Crypt:1)
  25 white imps
  3 ufetubi
  2 oozes
  2 adder skeletons (D:4)
  2 adder zombies
  5 worms
  A barachi zombie (Crypt:2)
  3 dart slugs
  10 leopard geckos
  62 orcs
  6 bats
  3 giant cockroaches
  7 goblins
  3 hobgoblins
  10 jackals
  33 kobolds
  6 quokkas
  A ball python (D:2)
  2 frilled lizards
  A jackal zombie (D:5)
  2 quokka skeletons (D:4)
  3 quokka zombies
  3 rats
  A pillar of salt (Geh:2)
  2 starspawn tentacles (Abyss:4)
  11 tentacles
3910 creatures vanquished.

Vanquished Creatures (collateral kills)
  the Royal Jelly (Slime:5)
  A death ooze (Slime:5)
  A boulder beetle (Abyss:5)
  A thrashing horror (Abyss:5)
  A tyrant leech (Abyss:5)
  A blink frog (Abyss:5)
6 creatures vanquished.

Vanquished Creatures (others)
  A fire giant (Crypt:3)
  A draconian scorcher (Depths:5)
  A reaper (Crypt:2)
  An elemental wellspring (Coc:7)
  A purple draconian (Zot:3)
  A hell hog (Abyss:4)
  A flayed ghost (Geh:3)
  A wizard (Depths:1)
  2 flying skulls
  A vampire (Crypt:3)
  A water elemental (Hell)
  2 golden eyes (Abyss:5)
  A large abomination (Abyss:4)
  A spatial vortex (Abyss:5)
  2 small abominations
  A wight (Geh:5)
  29 fungi
  5 lurking horrors
  A pillar of salt (Geh:2)
  247 plants
  7 starspawn tentacles
  10 tentacles
  7 withered plants
325 creatures vanquished.

Grand Total: 4241 creatures vanquished

Notes
Turn   | Place    | Note
-------+----------+-------------------------------------------
     0 | D:1      | dickylongcocking the Minotaur Fighter began the quest for
                  | the Orb.
     0 | D:1      | Reached XP level 1. HP: 19/19 MP: 0/0
   173 | D:1      | Found a broken altar of Ashenzari.
   213 | D:1      | Reached XP level 2. HP: 26/26 MP: 1/1
   327 | D:1      | Reached XP level 3. HP: 31/31 MP: 2/2
   795 | D:2      | Reached skill level 5 in Axes
   986 | D:2      | Reached XP level 4. HP: 39/39 MP: 3/3
  2040 | D:4      | Reached XP level 5. HP: 37/45 MP: 4/4
  2344 | D:4      | Reached XP level 6. HP: 48/51 MP: 5/5
  2805 | D:4      | Found a shimmering blue altar of Sif Muna.
  2806 | D:4      | Found a sparkling altar of Nemelex Xobeh.
  2932 | D:4      | Found a basalt altar of Yredelemnul.
  3094 | D:5      | Entered Level 5 of the Dungeon
  3272 | D:5      | Found a runed translucent door.
  3273 | D:5      | Noticed Maimakterion's ghost (amateur SpDe)
  3471 | D:5      | Reached XP level 7. HP: 50/57 MP: 6/6
  3939 | D:5      | Killed Maimakterion's ghost
  3940 | D:5      | Reached skill level 10 in Axes
  4262 | D:6      | Found Cacriep's Armour Shoppe.
  4517 | D:6      | Found a broken altar of Ashenzari.
  4530 | D:6      | Reached XP level 8. HP: 40/64 MP: 7/7
  5312 | D:7      | Reached skill level 5 in Maces & Flails
  5319 | D:7      | Gained mutation: Your body sometimes deteriorates upon
                  | taking damage. [potion of mutation]
  5319 | D:7      | Gained mutation: You have sharp toenails. [potion of
                  | mutation]
  5618 | D:7      | Found a staircase to the Ecumenical Temple.
  5626 | Temple   | Entered the Ecumenical Temple
  5847 | Temple   | Became a worshipper of Warmaster Okawaru
  5915 | D:7      | Reached XP level 9. HP: 53/70 MP: 8/8
  6118 | D:7      | Reached * piety under Okawaru
  6301 | D:7      | Noticed Grum
  6308 | D:7      | Killed Grum
  6566 | D:7      | Found Cusem's Magic Scroll Shop.
  6573 | D:7      | Bought a scroll of teleportation for 45 gold pieces
  6573 | D:7      | Bought a scroll of fear for 52 gold pieces
  6573 | D:7      | Bought a scroll of enchant weapon for 112 gold pieces
  6843 | D:7      | Reached skill level 10 in Maces & Flails
  7065 | D:8      | Noticed Maurice
  7090 | D:8      | Killed Maurice
  7090 | D:8      | Reached ** piety under Okawaru
  7148 | D:8      | Found a shadowy altar of Dithmenos.
  7378 | D:8      | Reached XP level 10. HP: 49/77 MP: 9/9
  8105 | D:8      | Found Eggaguiq's Weapon Boutique.
  8324 | D:9      | Found a bloodstained altar of Trog.
  8334 | D:9      | Reached *** piety under Okawaru
  9561 | D:9      | Reached **** piety under Okawaru
  9613 | D:10     | Entered Level 10 of the Dungeon
  9677 | D:10     | Reached skill level 15 in Maces & Flails
 10556 | D:10     | Found a burning altar of Makhleb.
 10558 | D:10     | Noticed an Executioner
 10562 | D:10     | Noticed an orange demon
 10668 | D:11     | Reached XP level 11. HP: 67/82 MP: 10/10
 10703 | D:11     | HP: 2/82 [yak (9)]
 11054 | D:11     | Reached ***** piety under Okawaru
 11466 | D:11     | Got a steaming silver amulet
 11603 | D:10     | Killed an unseen horror
 12002 | D:11     | Noticed a purple ugly thing
 12013 | D:11     | Killed a purple ugly thing
 12151 | D:11     | Found a staircase to the Orcish Mines.
 12263 | D:11     | Reached skill level 5 in Fighting
 12427 | D:11     | Received a gift from Okawaru
 12429 | D:11     | Got a steaming scale mail {god gift}
 12607 | D:11     | Identified the amulet of Sahaboco {Spirit Str+4} (You found
                  | it on level 11 of the Dungeon)
 12621 | D:11     | Found a staircase to the Lair.
 12719 | D:11     | Identified a scroll of acquirement
 12720 | D:11     | Acquired the ring of the Death Scarab {rElec rF+ Str+6}
 12967 | D:12     | Noticed a death knight
 12981 | D:12     | Killed a death knight
 13758 | D:12     | Identified the +7 scale mail "Putwot" {-Cast Str+3 Dex+4}
                  | (Okawaru gifted it to you on level 11 of the Dungeon)
 13834 | D:12     | Noticed a cyan ugly thing
 13834 | D:12     | Noticed a red ugly thing
 13834 | D:12     | Noticed a brown ugly thing
 13839 | D:12     | Noticed a white ugly thing
 13841 | D:12     | Killed a red ugly thing
 13842 | D:12     | Reached skill level 10 in Fighting
 13843 | D:12     | Noticed a purple ugly thing
 13844 | D:12     | Killed a brown ugly thing
 13845 | D:12     | Reached XP level 12. HP: 106/106 MP: 11/11
 13958 | D:12     | Acquired the +8 mithril axe "Arga" {speed, MR+}
 13959 | D:12     | Found the +8 mithril axe "Arga" {speed, MR+}
 14055 | D:12     | Noticed a cyan very ugly thing
 14065 | D:12     | Killed a cyan very ugly thing
 14069 | D:12     | Received a gift from Okawaru
 14576 | D:13     | Noticed a centaur warrior
 14581 | D:13     | Killed a centaur warrior
 14600 | D:13     | Noticed a centaur warrior
 14610 | D:13     | Noticed a six-headed hydra
 14611 | D:13     | Killed a centaur warrior
 14621 | D:13     | Killed a six-headed hydra
 14623 | D:13     | Noticed a two-headed ogre
 15054 | D:13     | Killed a two-headed ogre
 15059 | D:13     | Reached skill level 1 in Dodging
 15329 | D:13     | Noticed an ogre mage
 15339 | D:13     | Killed an ogre mage
 15340 | D:13     | Reached XP level 13. HP: 122/122 MP: 12/12
 15350 | D:13     | Reached skill level 5 in Armour
 15350 | D:13     | Reached skill level 5 in Shields
 15589 | D:13     | Reached ****** piety under Okawaru
 15940 | D:13     | Found a gate to the Vaults.
 16226 | Lair:1   | Entered Level 1 of the Lair of Beasts
 16418 | Lair:1   | Received a gift from Okawaru
 16427 | Lair:1   | Got a steaming chain mail {god gift}
 16437 | Lair:1   | Identified the +4 chain mail "Hoyn" {Str+6 Int+2} (Okawaru
                  | gifted it to you on level 1 of the Lair of Beasts)
 16938 | Lair:1   | Reached skill level 1 in Throwing
 18136 | Lair:2   | Reached skill level 5 in Dodging
 19224 | Lair:3   | Found a staircase to the Snake Pit.
 19447 | Lair:4   | Received a gift from Okawaru
 19601 | Lair:4   | Found a staircase to the Shoals.
 19646 | Lair:4   | Reached XP level 14. HP: 133/133 MP: 13/13
 20744 | Lair:5   | Found a transporter.
 20795 | Lair:5   | Found a bloodstained altar of Trog.
 20798 | Lair:5   | Noticed Panli's ghost (journeyman CeAM)
 20799 | Lair:5   | Identified the +10 trident "X" {antimagic, Str+3}
 20802 | Lair:5   | Found a transporter.
 21085 | Lair:5   | Killed Panli's ghost
 21393 | Lair:6   | Entered Level 6 of the Lair of Beasts
 21504 | Lair:6   | Received a gift from Okawaru
 21507 | Lair:6   | Got a crystal broad axe {god gift}
 21507 | Lair:6   | Identified the +7 broad axe "Luilen" {vorpal, +Blink rElec
                  | rC- SInv} (Okawaru gifted it to you on level 6 of the Lair
                  | of Beasts)
 22185 | Lair:6   | Reached skill level 5 in Throwing
 22241 | Lair:6   | Reached skill level 15 in Fighting
 22399 | Lair:6   | Received a gift from Okawaru
 23306 | Lair:6   | Found a staircase to the Slime Pits.
 23307 | Lair:6   | Found a viscous altar of Jiyva.
 23808 | D:14     | Reached XP level 15. HP: 141/141 MP: 14/14
 23833 | D:14     | Found a runed translucent door.
 23867 | D:14     | Found a runed translucent door.
 23868 | D:14     | Found a runed translucent door.
 23873 | D:14     | Found a runed translucent door.
 24053 | D:14     | Found a transporter.
 24065 | D:14     | Found a transporter.
 24092 | D:14     | Reached skill level 15 in Axes
 24125 | D:14     | Got a translucent tin amulet
 24127 | D:14     | Got a vibrating garnet amulet
 24130 | D:14     | Identified the amulet of the Scarab {Inacc rElec} (You
                  | found it on level 14 of the Dungeon)
 24131 | D:14     | Identified the amulet "Baen" {Acrobat Int+2} (You found it
                  | on level 14 of the Dungeon)
 24317 | D:14     | Identified the cursed +0 hand axe of Courage {holy, rElec
                  | rPois rC++ Int-2} (You found it on level 14 of the Dungeon)
 24402 | D:14     | Found a basalt altar of Yredelemnul.
 24739 | D:15     | Entered Level 15 of the Dungeon
 24781 | D:15     | Found a runed translucent gate.
 24782 | D:15     | Found a runed translucent gate.
 24784 | D:15     | Found a runed translucent gate.
 24784 | D:15     | Noticed Kias's ghost (adept MiBe)
 24784 | D:15     | Noticed Lifa Ysm's ghost (journeyman DsBe)
 24784 | D:15     | Noticed Awnudaz's ghost (journeyman TrHu)
 24812 | D:15     | Found a staircase to the Depths.
 24988 | D:15     | Received a gift from Okawaru
 24989 | D:15     | Reached skill level 10 in Armour
 25386 | D:15     | Reached skill level 10 in Shields
 25948 | Snake:1  | Entered Level 1 of the Snake Pit
 25948 | Snake:1  | Noticed Aizul
 25964 | Snake:1  | Killed Aizul
 26264 | Snake:1  | Found an opulent altar of Gozag.
 26297 | Snake:1  | Received a gift from Okawaru
 26353 | Snake:1  | Found Udigheg's Book Shop.
 27147 | Snake:2  | Found Axtase Pime's Armour Shoppe.
 27199 | Snake:2  | Bought the +3 kite shield of Entitlement {*Contam Int+6}
                  | for 536 gold pieces
 27219 | Snake:2  | Received a gift from Okawaru
 27233 | Snake:2  | Got a dazzling flail {god gift}
 27233 | Snake:2  | Identified the +2 flail "Zetus" {vorpal, rElec rPois}
                  | (Okawaru gifted it to you on level 2 of the Snake Pit)
 27326 | Snake:2  | Reached skill level 1 in Invocations
 27423 | Snake:2  | Reached XP level 16. HP: 151/151 MP: 15/15
 27423 | Snake:2  | Found Huwinur's Book Emporium.
 27464 | Snake:2  | Found Ynoob's Armour Shop.
 27467 | Snake:2  | Bought the +2 cloak of a Billion Leaping Seas {rF+ Int+4}
                  | for 553 gold pieces
 28247 | Snake:3  | Received a gift from Okawaru
 28451 | Snake:3  | Reached skill level 10 in Dodging
 28988 | Snake:4  | Entered Level 4 of the Snake Pit
 29002 | Snake:4  | Received a gift from Okawaru
 29534 | Snake:4  | Received a gift from Okawaru
 30857 | Snake:4  | Reached skill level 5 in Invocations
 30857 | Snake:4  | Reached XP level 17. HP: 150/160 MP: 14/19
 30859 | Snake:4  | Reached skill level 1 in Evocations
 30888 | Snake:4  | Received a gift from Okawaru
 30971 | Snake:4  | Got a scorched chain mail
 30982 | Snake:4  | Identified the +1 chain mail "Zijogism" {+Fly rElec} (You
                  | found it on level 4 of the Snake Pit)
 31522 | Snake:4  | Got a serpentine rune of Zot
 31950 | Shoals:1 | Entered Level 1 of the Shoals
 32824 | Shoals:2 | Noticed Frances
 32836 | Shoals:2 | Killed Frances
 32911 | Shoals:2 | Noticed Jorgrun
 32921 | Shoals:2 | Killed Jorgrun
 33511 | Shoals:2 | Found Sianosae's Antique Weapon Shoppe.
 33517 | Shoals:2 | Found Ilaobagh's Jewellery Emporium.
 33521 | Shoals:2 | Bought a twisted broad axe for 315 gold pieces
 33521 | Shoals:2 | Identified the +5 broad axe of Didodghi {vorpal, Dex+2}
                  | (You bought it in a shop on level 2 of the Shoals)
 33530 | Shoals:2 | Bought a +4 ring of slaying for 1092 gold pieces
 33741 | Shoals:2 | Noticed a kraken
 33755 | Shoals:2 | Received a gift from Okawaru
 33799 | Shoals:2 | Killed a kraken
 33851 | Shoals:2 | Noticed Ilsuiw
 33873 | Shoals:2 | Killed Ilsuiw
 33873 | Shoals:2 | Received a gift from Okawaru
 34272 | Shoals:3 | Noticed Polyphemus
 34295 | Shoals:3 | Killed Polyphemus
 34305 | Shoals:3 | Found Xygot's Distillery.
 34311 | Shoals:3 | Found Qauth's Gadget Emporium.
 34317 | Shoals:3 | Found Hanobrez's Assorted Antiques.
 34840 | Shoals:3 | Reached skill level 10 in Throwing
 34922 | Shoals:3 | Bought a scroll of teleportation for 114 gold pieces
 34922 | Shoals:3 | Bought a scroll of blinking for 285 gold pieces
 34922 | Shoals:3 | Bought a potion of haste for 380 gold pieces
 34975 | Shoals:3 | Bought a potion of curing for 33 gold pieces
 34975 | Shoals:3 | Bought a potion of curing for 33 gold pieces
 35053 | Shoals:3 | Received a gift from Okawaru
 35342 | Shoals:3 | Noticed Donald
 35353 | Shoals:3 | Killed Donald
 35409 | Shoals:3 | Found Ympuceenn's Assorted Antiques.
 35414 | Shoals:3 | Received a gift from Okawaru
 35427 | Shoals:3 | Bought a scroll of enchant weapon for 157 gold pieces
 35427 | Shoals:3 | Bought a scroll of teleportation for 63 gold pieces
 35427 | Shoals:3 | Bought a scroll of teleportation for 63 gold pieces
 35485 | Shoals:3 | Reached XP level 18. HP: 169/170 MP: 22/22
 35797 | Shoals:4 | Entered Level 4 of the Shoals
 37295 | Shoals:4 | Received a gift from Okawaru
 37296 | Shoals:4 | Reached skill level 5 in Evocations
 37305 | Shoals:4 | Got a barnacled rune of Zot
 38175 | Vaults:1 | Entered Level 1 of the Vaults
 38373 | Vaults:1 | Reached skill level 1 in Stealth
 38691 | Vaults:1 | Received a gift from Okawaru
 39035 | Vaults:1 | Got a fine bronze ring
 39163 | Vaults:1 | Received a gift from Okawaru
 39211 | Vaults:1 | Got a crude plate armour
 39221 | Vaults:1 | Identified the +2 plate armour of Beogh's Wrath {rPois MR+}
                  | (You found it on level 1 of the Vaults)
 39560 | Vaults:1 | Identified the ring of Uphiowog {rF+ MR+ Dex-2 SInv} (You
                  | found it on level 1 of the Vaults)
 39924 | Vaults:1 | Noticed Saint Roka
 39945 | Vaults:1 | Killed Saint Roka
 40161 | Vaults:1 | Found a portal to a secret trove of treasure.
 40237 | Vaults:1 | Found Ablouso's Book Shop.
 40438 | Vaults:2 | Found Faokog's Antique Weapon Shop.
 40461 | Vaults:2 | Reached XP level 19. HP: 177/179 MP: 22/24
 40536 | Vaults:2 | Found a staircase to the Crypt.
 40536 | Vaults:2 | Found a basalt altar of Yredelemnul.
 40536 | Vaults:2 | Found an ancient bone altar of Kikubaaqudgha.
 40814 | Vaults:2 | Received a gift from Okawaru
 42160 | Vaults:3 | Received a gift from Okawaru
 42177 | Vaults:3 | Got a crude scale mail {god gift}
 42187 | Vaults:3 | Identified the +0 scale mail of Amen {rElec rF- rC+ Str+2}
                  | (Okawaru gifted it to you on level 3 of the Vaults)
 43861 | Vaults:4 | Found Geriwar's General Store.
 43869 | Vaults:4 | Received a gift from Okawaru
 43881 | Vaults:4 | Reached XP level 20. HP: 133/189 MP: 19/26
 43893 | Vaults:4 | Bought a potion of heal wounds for 70 gold pieces
 44176 | Vaults:4 | Received a gift from Okawaru
 44200 | Vaults:4 | Reached skill level 15 in Armour
 44864 | Vaults:4 | Reached skill level 15 in Shields
 44871 | Vaults:4 | Received a gift from Okawaru
 45809 | D:15     | Killed Lifa Ysm's ghost
 45818 | D:15     | Killed Kias's ghost
 45834 | D:15     | Killed Awnudaz's ghost
 46016 | Depths:1 | Entered Level 1 of the Depths
 46204 | Orc:1    | Entered Level 1 of the Orcish Mines
 46287 | Orc:2    | Entered Level 2 of the Orcish Mines
 46317 | Orc:2    | Reached skill level 10 in Invocations
 46505 | Orc:2    | Found a runed translucent door.
 46506 | Orc:2    | Noticed Deeps's ghost (journeyman HOFi)
 46649 | Orc:2    | Received a gift from Okawaru
 46655 | Orc:2    | Found Tiazuval's Distillery.
 46655 | Orc:2    | Found Loninujo's General Store.
 46665 | Orc:2    | Found Dotsuse's Distillery.
 46665 | Orc:2    | Found Vemirec's Book Emporium.
 46676 | Orc:2    | Bought a potion of curing for 36 gold pieces
 46676 | Orc:2    | Bought a potion of curing for 36 gold pieces
 46676 | Orc:2    | Bought a potion of heal wounds for 60 gold pieces
 46676 | Orc:2    | Bought a potion of mutation for 96 gold pieces
 46676 | Orc:2    | Bought 2 potions of mutation for 192 gold pieces
 46679 | Orc:2    | Bought a potion of heal wounds for 60 gold pieces
 46679 | Orc:2    | Bought a potion of resistance for 120 gold pieces
 46679 | Orc:2    | Bought a potion of heal wounds for 60 gold pieces
 46679 | Orc:2    | Bought a potion of curing for 36 gold pieces
 46679 | Orc:2    | Bought a potion of might for 48 gold pieces
 46679 | Orc:2    | Bought 2 potions of might for 96 gold pieces
 46684 | Orc:2    | Bought a scroll of teleportation for 54 gold pieces
 46684 | Orc:2    | Bought a potion of curing for 54 gold pieces
 46864 | Orc:2    | Found a staircase to the Elven Halls.
 46954 | Orc:2    | Identified the +0 pair of gloves of the Eight Prophets
                  | {rPois rF+ Str+7} (Okawaru gifted it to you on level 2 of
                  | the Orcish Mines)
 47036 | Orc:2    | Found a roughly hewn altar of Beogh.
 47232 | Elf:1    | Entered Level 1 of the Elven Halls
 47576 | Elf:1    | Found Pimopt's Jewellery Boutique.
 48205 | Elf:1    | Identified the Papyrus of Creative Combat Magic
 48779 | Elf:2    | Reached XP level 21. HP: 198/198 MP: 27/27
 49046 | Elf:2    | Received a gift from Okawaru
 49238 | Elf:2    | Received a gift from Okawaru
 49511 | Elf:2    | Found a huge runed translucent gate.
 49512 | Elf:2    | Found a huge runed translucent gate.
 49513 | Elf:2    | Found a huge runed translucent gate.
 49514 | Elf:2    | Found a huge runed translucent gate.
 49515 | Elf:2    | Found a huge runed translucent gate.
 49874 | Elf:3    | Entered Level 3 of the Elven Halls
 49880 | Elf:3    | Reached skill level 5 in Stealth
 50401 | Elf:3    | Received a gift from Okawaru
 50658 | Elf:3    | Cast into level 3 of the Abyss (a deep elf sorcerer)
 51056 | Elf:3    | Escaped the Abyss
 52113 | Elf:3    | Identified the +9 flail "Feaxkur" {vorpal, rC+ Dex+5}
 52389 | Elf:3    | Found the +3 pair of gauntlets of War {Slay+5}
 52491 | Elf:3    | Acquired the +0 pair of boots "Yptyv" {Rampage Regen+
                  | Str+5}
 52549 | Elf:3    | Identified the amulet "Fuqibitta" {rPois rC++ Regen+} (You
                  | found it on level 3 of the Elven Halls)
 52720 | Elf:3    | Found Jiamiag's Book Boutique.
 52797 | Elf:3    | Reached XP level 22. HP: 207/207 MP: 29/29
 52820 | Elf:3    | Found a roughly hewn altar of Beogh.
 53348 | Vaults:5 | Entered Level 5 of the Vaults
 53359 | Vaults:5 | Received a gift from Okawaru
 53375 | Vaults:5 | Reached skill level 15 in Dodging
 53375 | Vaults:5 | Received a gift from Okawaru
 53639 | Vaults:5 | Found Pautefoe's Weapon Shoppe.
 53653 | Vaults:5 | Found Kerph's General Store.
 53667 | Vaults:5 | Bought a scroll of teleportation for 36 gold pieces
 53705 | Vaults:5 | Noticed Margery
 53729 | Vaults:5 | Killed Margery
 53729 | Vaults:5 | Received a gift from Okawaru
 54451 | Vaults:5 | Found Ciegeh's Distillery.
 54455 | Vaults:5 | Bought a potion of curing for 66 gold pieces
 54455 | Vaults:5 | Bought a potion of curing for 66 gold pieces
 54455 | Vaults:5 | Bought a potion of might for 88 gold pieces
 54455 | Vaults:5 | Bought a potion of resistance for 220 gold pieces
 54455 | Vaults:5 | Bought a potion of curing for 66 gold pieces
 54481 | Vaults:5 | Reached XP level 23. HP: 183/217 MP: 25/31
 54695 | Vaults:5 | Found Zorem's Distillery.
 54696 | Vaults:5 | Found the +6 arbalest "Damnation" {damnation}
 54700 | Vaults:5 | Bought a potion of experience for 750 gold pieces
 54700 | Vaults:5 | Bought a potion of mutation for 120 gold pieces
 54700 | Vaults:5 | Bought a potion of curing for 45 gold pieces
 54700 | Vaults:5 | Bought a potion of curing for 45 gold pieces
 54700 | Vaults:5 | Bought a potion of curing for 45 gold pieces
 54700 | Vaults:5 | Bought a potion of curing for 45 gold pieces
 54700 | Vaults:5 | Bought a potion of curing for 45 gold pieces
 54700 | Vaults:5 | Reached XP level 24. HP: 228/228 MP: 31/31
 54740 | Vaults:5 | Found Etunaf's General Store.
 54740 | Vaults:5 | Found Puramois's Gadget Shoppe.
 54750 | Vaults:5 | Received a gift from Okawaru
 54763 | Vaults:5 | Found Virphob's Jewellery Shoppe.
 54775 | Vaults:5 | Identified the +0 cloak "Vexoz" {rF+ Stlth+} (Okawaru
                  | gifted it to you on level 5 of the Vaults)
 54851 | Vaults:5 | Found Liocveol's Magic Scroll Shop.
 54863 | Vaults:5 | Got a silver rune of Zot
 55296 | Vaults:5 | Bought a scroll of acquirement for 624 gold pieces
 55296 | Vaults:5 | Acquired the +3 hat "Ruataer" {rCorr Int+2}
 55688 | Depths:1 | Found a gateway to Hell.
 55972 | Depths:1 | Found Bigres's Jewellery Emporium.
 55972 | Depths:1 | Found Domeh's Antique Armour Shoppe.
 55986 | Depths:1 | Bought a pair of runed boots for 195 gold pieces
 56024 | Depths:1 | Reached skill level 15 in Throwing
 56627 | Depths:1 | Received a gift from Okawaru
 56681 | Hell     | Entered the Vestibule of Hell
 56681 | Hell     | Noticed Murray
 56681 | Hell     | Noticed Geryon
 56699 | Depths:1 | Killed Murray
 56836 | Hell     | Killed Geryon
 56836 | Hell     | Received a gift from Okawaru
 57400 | Vaults:1 | You paid a toll of the horn of Geryon to enter a treasure
                  | trove
 57401 | Trove    | Entered a treasure trove
 57413 | Trove    | Got a pair of ancient gloves
 57421 | Trove    | Got an ancient hat
 57430 | Trove    | Got a pair of glimmering boots
 57435 | Trove    | Got a shimmering tower shield
 57437 | Trove    | Identified the +0 pair of gloves "Buohak" {*Slow rCorr
                  | Int+3 Dex+2} (You found it in a treasure trove)
 57438 | Trove    | Identified the +0 pair of boots of Leapfrog {SInv} (You
                  | found it in a treasure trove)
 57449 | Trove    | Identified the +3 hat of Bedevilment {MR+ Regen+ rCorr}
                  | (You found it in a treasure trove)
 57480 | Trove    | Identified the +2 tower shield "Orusmu" {rElec rPois MR-}
                  | (You found it in a treasure trove)
 57500 | Trove    | Identified a +0 pair of boots of running (You found it in a
                  | treasure trove)
 58035 | Depths:2 | Received a gift from Okawaru
 58040 | Depths:2 | Reached XP level 25. HP: 184/238 MP: 24/31
 58366 | Depths:2 | Noticed Mara
 58377 | Depths:2 | Received a gift from Okawaru
 58386 | Depths:2 | Noticed dickylongcocking's illusion
 58399 | Depths:2 | Killed Mara
 58642 | Depths:2 | Identified the Compendium of Twisted Calling
 58755 | Depths:2 | Found Nifeului's Gadget Shoppe.
 58755 | Depths:2 | Found Wedytaju's Jewellery Boutique.
 58756 | Depths:2 | Found Inyig's Gadget Shoppe.
 59254 | Depths:3 | Found a glowing silver altar of Zin.
 59312 | Depths:3 | Noticed Mennas
 59327 | Depths:3 | Killed Mennas
 59327 | Depths:3 | Received a gift from Okawaru
 59402 | Depths:3 | Identified the ring "Kixym" {rC++ MR+ Str+6 Dex-5}
 59609 | Depths:3 | Found a one-way gate leading to the halls of Pandemonium.
 59742 | Depths:3 | Found Gaqeclay's Gadget Emporium.
 60342 | Depths:4 | Noticed Boris
 60367 | Depths:4 | Killed Boris
 60377 | Depths:4 | Found a one-way gate to the infinite horrors of the Abyss.
 60833 | Depths:4 | Received a gift from Okawaru
 61370 | Slime:1  | Entered Level 1 of the Pits of Slime
 61477 | Slime:2  | Noticed Dissolution
 61484 | Slime:2  | Killed Dissolution
 61484 | Slime:2  | Received a gift from Okawaru
 61485 | Slime:2  | Reached XP level 26. HP: 242/250 MP: 29/31
 61577 | Slime:3  | Received a gift from Okawaru
 61644 | Slime:5  | Entered Level 5 of the Pits of Slime
 61691 | Slime:5  | Noticed the Royal Jelly
 61706 | Slime:5  | Killed the Royal Jelly
 61736 | Slime:5  | Found the +8 autumn katana {vorpal, Clar}
 61749 | Slime:5  | Found the ring of Robustness {AC+8}
 61749 | Slime:5  | Found the +8 arc blade {discharge, rElec}
 61750 | Slime:5  | Gained mutation: Your magical capacity is low. (-10% MP) [a
                  | shining eye]
 61819 | Slime:5  | Got an ancient brass ring
 61821 | Slime:5  | Identified the ring of Ekiefer {rF- rC++ rN+ Dex+3 Stlth+}
                  | (You found it on level 5 of the Pits of Slime)
 61879 | Slime:5  | Identified Citywn's Volume of Excruciating Dislocation
 61967 | Slime:5  | Got a slimy rune of Zot
 62404 | Slime:3  | Gained mutation: Your body often deteriorates upon taking
                  | damage. [a shining eye]
 62409 | Slime:3  | Gained mutation: You are frail. (-10% HP) [a shining eye]
 63322 | Depths:5 | Entered Level 5 of the Depths
 63465 | Depths:5 | Noticed a juggernaut
 63482 | Depths:5 | Killed a juggernaut
 63663 | Depths:5 | Found a gateway to a ziggurat.
 63671 | Depths:5 | Received a gift from Okawaru
 63707 | Depths:5 | Received a gift from Okawaru
 63955 | Depths:5 | Received a gift from Okawaru
 63956 | Depths:5 | Found the +4 robe of Augmentation {Str+4 Int+4 Dex+4}
 64022 | Depths:5 | Identified Sif Muna's Grimoire of Earthen Unholy Rites
 64105 | Depths:5 | Noticed a juggernaut
 64118 | Depths:5 | Killed a juggernaut
 64198 | Depths:5 | Found a corrupted altar of Lugonu.
 64456 | Depths:5 | Found a gate to the Realm of Zot.
 64784 | Depths:5 | Voluntarily entered the Abyss.
 64899 | Abyss:1  | Reached XP level 27. HP: 234/234 MP: 28/28
 64929 | Abyss:1  | Found a corrupted altar of Lugonu.
 65666 | Abyss:3  | Gained mutation: Your magical capacity is very low. (-20%
                  | MP) [a neqoxec]
 65865 | Abyss:4  | Found a corrupted altar of Lugonu.
 66513 | Abyss:4  | Noticed an ancient lich
 66528 | Abyss:4  | Killed an ancient lich
 66548 | Abyss:4  | Received a gift from Okawaru
 66668 | Abyss:4  | Gained mutation: Armour fits poorly on your strangely
                  | shaped body. [a neqoxec]
 66673 | Abyss:4  | Gained mutation: You are clumsy. (Dex -2) [a neqoxec]
 66707 | Abyss:4  | Received a gift from Okawaru
 66788 | Abyss:4  | Gained mutation: You occasionally shout uncontrollably at
                  | your foes. [a neqoxec]
 66795 | Abyss:4  | Received a gift from Okawaru
 66835 | Abyss:4  | Lost intelligence.
 66837 | Abyss:4  | Gained mutation: You are dopey. (Int -2) [a neqoxec]
 66930 | Abyss:4  | Lost mutation: You are clumsy. (Dex -2) [potion of
                  | mutation]
 66930 | Abyss:4  | Lost mutation: You are dopey. (Int -2) [potion of mutation]
 66930 | Abyss:4  | Lost mutation: You have sharp toenails. [potion of
                  | mutation]
 66930 | Abyss:4  | Lost mutation: Your magical capacity is very low. (-20% MP)
                  | [potion of mutation]
 66930 | Abyss:4  | Gained mutation: You are surrounded by a mild repulsion
                  | field. (EV +2) [potion of mutation]
 66930 | Abyss:4  | Gained mutation: You are partially covered in large bone
                  | plates. (SH +4) [potion of mutation]
 66940 | Abyss:4  | HP: 8/237 [daeva/divine providence (9)]
 67096 | Abyss:4  | Found a corrupted altar of Lugonu.
 67118 | Abyss:4  | Received a gift from Okawaru
 67122 | Abyss:4  | Got an abyssal rune of Zot
 67219 | Abyss:4  | Paralysed by accursed screaming for 2 turns
 67301 | Abyss:4  | Gained mutation: You are dopey. (Int -2) [a neqoxec]
 67326 | Abyss:4  | Paralysed by accursed screaming for 1 turns
 67333 | Abyss:5  | Entered Level 5 of the Abyss
 67344 | Abyss:5  | Acquired the +0 pair of fencer's gloves {Riposte Dex+3}
 67345 | Abyss:5  | Found the +0 pair of fencer's gloves {Riposte Dex+3}
 67383 | Abyss:5  | Received a gift from Okawaru
 67600 | Abyss:5  | Found a corrupted altar of Lugonu.
 67629 | Abyss:5  | Found a corrupted altar of Lugonu.
 67629 | Abyss:5  | Found a transporter.
 67675 | Depths:5 | Escaped the Abyss
 67938 | D:12     | Lost mutation: Your magical capacity is low. (-10% MP)
                  | [potion of mutation]
 67938 | D:12     | Lost mutation: You are frail. (-10% HP) [potion of
                  | mutation]
 67938 | D:12     | Lost mutation: You are partially covered in large bone
                  | plates. (SH +4) [potion of mutation]
 67938 | D:12     | Gained mutation: You are very dopey. (Int -4) [potion of
                  | mutation]
 67938 | D:12     | Gained mutation: Your magical capacity is low. (-10% MP)
                  | [potion of mutation]
 67938 | D:12     | Gained mutation: Your spells are a little harder to cast,
                  | but a little more powerful. [potion of mutation]
 67939 | D:12     | Lost mutation: Your magical capacity is low. (-10% MP)
                  | [potion of mutation]
 67939 | D:12     | Lost mutation: You are very dopey. (Int -4) [potion of
                  | mutation]
 67939 | D:12     | Gained mutation: Your system is resistant to poisons.
                  | (rPois) [potion of mutation]
 67939 | D:12     | Gained mutation: You can translocate small distances at
                  | will. [potion of mutation]
 67939 | D:12     | Gained mutation: Potions are less effective at restoring
                  | your health. [potion of mutation]
 67939 | D:12     | Gained mutation: You passively map a small area around you.
                  | [potion of mutation]
 67940 | D:12     | Lost mutation: You occasionally shout uncontrollably at
                  | your foes. [potion of mutation]
 67940 | D:12     | Lost mutation: Armour fits poorly on your strangely shaped
                  | body. [potion of mutation]
 67940 | D:12     | Lost mutation: Your system is resistant to poisons. (rPois)
                  | [potion of mutation]
 67940 | D:12     | Lost mutation: Your body often deteriorates upon taking
                  | damage. [potion of mutation]
 67940 | D:12     | Lost mutation: You are dopey. (Int -2) [potion of mutation]
 67940 | D:12     | Gained mutation: Your mind is acute. (Int +2) [potion of
                  | mutation]
 67941 | D:12     | Lost mutation: Your spells are a little harder to cast, but
                  | a little more powerful. [potion of mutation]
 67941 | D:12     | Lost mutation: Your mind is acute. (Int +2) [potion of
                  | mutation]
 67941 | D:12     | Lost mutation: Potions are less effective at restoring your
                  | health. [potion of mutation]
 67941 | D:12     | Lost mutation: Your body sometimes deteriorates upon taking
                  | damage. [potion of mutation]
 67941 | D:12     | Gained mutation: You are weak. (Str -2) [potion of
                  | mutation]
 67941 | D:12     | Gained mutation: You expend magic power (3 MP) to
                  | strengthen your wands. [potion of mutation]
 67941 | D:12     | Lost mutation: You expend magic power (3 MP) to strengthen
                  | your wands. [potion of mutation]
 67941 | D:12     | Gained mutation: Your flesh is heat resistant. (rF+)
                  | [potion of mutation]
 67942 | D:12     | Lost mutation: You can translocate small distances at will.
                  | [potion of mutation]
 67942 | D:12     | Gained mutation: You evolve. [potion of mutation]
 67942 | D:12     | Gained mutation: You possess an exceptional clarity of
                  | mind. [potion of mutation]
 67943 | D:12     | Lost mutation: You are surrounded by a mild repulsion
                  | field. (EV +2) [potion of mutation]
 67943 | D:12     | Lost mutation: You possess an exceptional clarity of mind.
                  | [potion of mutation]
 67943 | D:12     | Gained mutation: You are dopey. (Int -2) [potion of
                  | mutation]
 67943 | D:12     | Gained mutation: You have an increased reservoir of magic.
                  | (+10% MP) [potion of mutation]
 67944 | D:12     | Lost mutation: Your flesh is heat resistant. (rF+) [potion
                  | of mutation]
 67944 | D:12     | Lost mutation: You passively map a small area around you.
                  | [potion of mutation]
 67944 | D:12     | Gained mutation: You have a pair of large horns on your
                  | head. [potion of mutation]
 67944 | D:12     | Gained mutation: You are partially covered in molten
                  | scales. (AC +2) [potion of mutation]
 67944 | D:12     | Gained mutation: You are mostly covered in molten scales.
                  | (AC +3) [potion of mutation]
 67945 | D:12     | Lost mutation: You are weak. (Str -2) [potion of mutation]
 67945 | D:12     | Lost mutation: You evolve. [potion of mutation]
 67945 | D:12     | Lost mutation: You have a pair of large horns on your head.
                  | [potion of mutation]
 67945 | D:12     | Gained mutation: Your body sometimes deteriorates upon
                  | taking damage. [potion of mutation]
 67945 | D:12     | Gained mutation: You are robust. (+10% HP) [potion of
                  | mutation]
 67945 | D:12     | Gained mutation: You are resistant to electric shocks.
                  | (rElec) [potion of mutation]
 68075 | Vaults:5 | Bought a potion of mutation for 176 gold pieces
 68075 | Vaults:5 | Lost mutation: You are robust. (+10% HP) [potion of
                  | mutation]
 68075 | Vaults:5 | Lost mutation: You are dopey. (Int -2) [potion of mutation]
 68075 | Vaults:5 | Lost mutation: Your body sometimes deteriorates upon taking
                  | damage. [potion of mutation]
 68075 | Vaults:5 | Gained mutation: You are partially covered in yellow
                  | scales. (AC +2) [potion of mutation]
 68075 | Vaults:5 | Gained mutation: Your mind is acute. (Int +2) [potion of
                  | mutation]
 68362 | Zot:1    | Entered Level 1 of the Realm of Zot
 68405 | Zot:1    | Identified Sif Muna's Almanac of Confrontation and the
                  | Glacier
 68437 | Zot:1    | Received a gift from Okawaru
 69427 | Zot:2    | Received a gift from Okawaru
 69514 | Zot:2    | Received a gift from Okawaru
 69526 | Zot:2    | Identified the +0 plate armour of Pasoygumot {rN+ Str+2
                  | Int+2} (Okawaru gifted it to you on level 2 of the Realm of
                  | Zot)
 70162 | Zot:2    | You fall into a shaft and drop 2 floors!
 70846 | Zot:4    | Received a gift from Okawaru
 71702 | Zot:5    | Entered Level 5 of the Realm of Zot
 73713 | Zot:5    | Received a gift from Okawaru
 73927 | Zot:5    | Noticed an orb of fire
 73927 | Zot:5    | Noticed an orb of fire
 73930 | Zot:5    | Noticed an orb of fire
 73933 | Zot:5    | Killed an orb of fire
 73939 | Zot:5    | Killed an orb of fire
 73957 | Zot:5    | Lost mutation: Your mind is acute. (Int +2) [an orb of
                  | fire]
 73969 | Zot:5    | Killed an orb of fire
 73979 | Zot:5    | Reached skill level 27 in Fighting
 74000 | Zot:5    | Received a gift from Okawaru
 74190 | Zot:5    | Noticed an orb of fire
 74191 | Zot:5    | Gained mutation: Potions are less effective at restoring
                  | your health. [an orb of fire]
 74192 | Zot:5    | Gained mutation: You are dopey. (Int -2) [an orb of fire]
 74198 | Zot:5    | Gained mutation: You are frail. (-10% HP) [an orb of fire]
 74204 | Zot:5    | Killed an orb of fire
 74228 | Zot:5    | Noticed an ancient lich
 74242 | Zot:5    | Killed an ancient lich
 74307 | Zot:5    | Received a gift from Okawaru
 74354 | Zot:5    | Noticed an ancient lich
 74356 | Zot:5    | Noticed an orb of fire
 74359 | Zot:5    | Gained mutation: Armour fits poorly on your strangely
                  | shaped body. [an orb of fire]
 74359 | Zot:5    | Gained mutation: Your system is resistant to poisons.
                  | (rPois) [an orb of fire]
 74371 | Zot:5    | Killed an orb of fire
 74371 | Zot:5    | Received a gift from Okawaru
 74393 | Zot:5    | Killed an ancient lich
 74544 | Zot:5    | Received a gift from Okawaru
 75367 | Depths:3 | Fell from the grace of Okawaru
 75367 | Depths:3 | Became a worshipper of Zin the Law-Giver
 75367 | Depths:3 | Reached * piety under Zin
 75367 | Depths:3 | Reached ** piety under Zin
 75588 | Crypt:1  | Entered Level 1 of the Crypt
 75616 | Crypt:1  | Reached *** piety under Zin
 75637 | Crypt:1  | Noticed Boris
 75650 | Crypt:1  | Killed Boris
 75745 | Crypt:1  | Found a magical portal.
 75750 | WizLab   | Entered Doroklohe's Tomb
 76424 | Crypt:1  | Reached **** piety under Zin
 76662 | Crypt:1  | Found a corrupted altar of Lugonu.
 76877 | Crypt:1  | Noticed Sojobo
 76895 | Crypt:1  | Killed Sojobo
 77216 | Crypt:2  | Reached ***** piety under Zin
 77246 | Crypt:2  | Found a huge runed gate.
 77246 | Crypt:2  | Found a huge runed gate.
 77246 | Crypt:2  | Found a huge runed gate.
 77246 | Crypt:2  | Found a huge runed gate.
 77246 | Crypt:2  | Found a huge runed gate.
 77246 | Crypt:2  | Found a huge runed gate.
 77246 | Crypt:2  | Found a huge runed gate.
 77246 | Crypt:2  | Found a huge runed gate.
 77247 | Crypt:2  | Found a huge runed gate.
 77248 | Crypt:2  | Found a huge runed gate.
 77255 | Crypt:2  | Found a huge runed gate.
 77255 | Crypt:2  | Found a huge runed gate.
 77255 | Crypt:2  | Found a huge runed gate.
 77255 | Crypt:2  | Found a huge runed gate.
 77325 | Crypt:2  | Found a huge runed gate.
 77325 | Crypt:2  | Found a huge runed gate.
 77325 | Crypt:2  | Found a huge runed gate.
 77547 | Crypt:2  | Identified Fettoull's Almanac of Black Arts
 77814 | Crypt:2  | Found a huge runed gate.
 77814 | Crypt:2  | Found a huge runed gate.
 77814 | Crypt:2  | Found a huge runed gate.
 77817 | Crypt:2  | Found a huge runed gate.
 77817 | Crypt:2  | Found a huge runed gate.
 77822 | Crypt:2  | Found a huge runed gate.
 77823 | Crypt:2  | Found a huge runed gate.
 77824 | Crypt:2  | Found a huge runed gate.
 78049 | Crypt:2  | Identified a +0 pair of boots of running (You found it on
                  | level 2 of the Crypt)
 78167 | Crypt:3  | Entered Level 3 of the Crypt
 78454 | Crypt:3  | Identified the +6 plate armour of the Falcon {+Fly rElec
                  | Slay+3} (You found it on level 3 of the Crypt)
 78495 | Crypt:3  | Reached ****** piety under Zin
 79053 | Crypt:3  | Was forgiven by Okawaru
 79110 | Crypt:3  | Noticed Frederick
 79130 | Crypt:3  | Killed Frederick
 79131 | Crypt:3  | Reached skill level 27 in Armour
 79210 | Crypt:1  | Lost mutation: You are partially covered in yellow scales.
                  | (AC +2) [potion of mutation]
 79210 | Crypt:1  | Lost mutation: You are resistant to electric shocks.
                  | (rElec) [potion of mutation]
 79520 | Crypt:3  | Identified the +2 pair of gloves of Dogma {rElec} (You
                  | found it on level 3 of the Crypt)
 79684 | Crypt:3  | Found a staircase to the Tomb.
 80108 | Hell     | Found a gateway to the Iron City of Dis.
 80210 | Hell     | Found a gateway to the freezing wastes of Cocytus.
 80368 | Hell     | Found a gateway to the decaying netherworld of Tartarus.
 80445 | Hell     | Found a gateway to the ashen valley of Gehenna.
 80659 | Dis:1    | Entered Level 1 of the Iron City of Dis
 81612 | Elf:1    | Bought the amulet of the Four Winds {rN+ MR+++ Clar} for
                  | 614 gold pieces
 81612 | Elf:1    | Found the amulet of the Four Winds {rN+ MR+++ Clar}
 81922 | Coc:1    | Entered Level 1 of Cocytus
 82210 | Coc:1    | You are sucked into a shaft and drop 1 floor!
 82843 | Coc:7    | Entered Level 7 of Cocytus
 83140 | Coc:7    | Identified Sahonac's Compendium of Dislocation and Creation
 83903 | Coc:7    | Got a smoking steel ring
 83904 | Coc:7    | Identified the ring "Jantuz" {rElec rCorr} (You found it on
                  | level 7 of Cocytus)
 85058 | Coc:7    | Identified the +2 trident "Cuagank" {venom, +Inv rF+ Str+4}
 85058 | Coc:7    | Noticed Antaeus
 85085 | Coc:7    | Killed Antaeus
 85086 | Coc:7    | Reached skill level 27 in Dodging
 85129 | Coc:7    | Got an icy rune of Zot
 86930 | Geh:1    | Entered Level 1 of Gehenna
 87654 | Geh:3    | Reached skill level 15 in Invocations
 88485 | Geh:7    | Entered Level 7 of Gehenna
 89325 | Geh:7    | Killed from afar by a Brimstone Fiend

Illustrated notes

Levels and vault maps discovered:
D:1:      scummos_arrival_simple_fountains, layout_rooms,
          evilmike_ruin_ashenzari
D:2:      layout_loops_ring
D:3:      layout_loops_ring, corexii_hall_statues_i
D:4:      layout_basic, nicolae_overflow_hidden_temple, serial_undead,
          serial_undead_d, serial_undead_a, serial_undead_c, serial_undead_f,
          serial_undead_f, serial_undead_f, minmay_misc_feat_encased
D:5:      layout_loops_corners, ebering_ghost_sewer_d,
          kennysheep_generic_room_13
D:6:      cheibrodos_helix_gallery, layout_loops_ring, serial_shops, shop,
          basic_altar, grunt_ministairs_5, st_stairs_1
D:7:      layout_cave_pools, minmay_temple_entry_wispy, serial_shops, shop,
          serial_gnoll_camp, gnoll_camp_mini_hut, gnoll_camp_huts_basic,
          grums_kennel, gnoll_camp_mini_hut, gnoll_camp_mini_hut,
          gnoll_camp_mini_house, minivault_19
D:8:      layout_basic, serial_shops, shop_fountains,
          chequers_serial_rivers_micro_c, nicolae_dithmenos_shadow_blocks,
          uniq_maurice
D:9:      layout_basic, trog_ov_bears_minmay
D:10:     layout_stronghold, makhleb_altar_promises_db
D:11:     layout_cave_pools, erik_lair_dragon, orc_0_dummy
D:12:     cheibrodos_breeding_chamber, layout_irregular_city, minmay_lizard_king
D:13:     layout_basic, hangedman_vaults_entry_quadrant_bands
D:14:     gammafunk_sealed_arena, layout_gridville, basic_altar, minivault_14,
          minmay_statue_crystal_thing
D:15:     grunt_enter_depths_hoard, layout_rooms, gammafunk_ghost_cemetery,
          minmay_misc_feat_chi, st_stairs_7, grunt_potential
Temple:   eino_narrow_crystal_temple
Lair:1:   layout_concentric_octagons, minmay_lair_oklob_chamber
Lair:2:   layout_cave_pods
Lair:3:   layout_big_grid, minmay_snake_entry_guardpost_medium,
          grunt_megastairs_3
Lair:4:   layout_cave_pods, minmay_shoals_entry_centaurs, serial_bayou_pond_c,
          grunt_megastairs_2, infiniplex_staircase_pool_2
Lair:5:   layout_cave_shapes, gammafunk_ghost_wrathful_warriors
Lair:6:   gammafunk_lair_ancient_temple, layout_layer_cave, slime_altar_1,
          infiniplex_staircase_pool
Shoals:1: layout_shoals
Shoals:2: layout_shoals, serial_shops, shop, minmay_shop_enchanted_jewellery,
          uniq_ilsuiw, uniq_frances, uniq_jorgrun
Shoals:3: layout_shoals, serial_shops, shop, nicolae_shop_trees,
          nicolae_shop_waterfront, shop,
          nicolae_shoals_siren_and_animal_friends, uniq_polyphemus, uniq_donald
Shoals:4: shoals_end_grunt_garden, layout_shoals, shoal_ilsuiw,
          nicolae_shoals_loop_pool
Snake:1:  layout_misc_corridors, basic_altar, serial_shops, nicolae_shop_stone,
          fake_guardian_serpent_vault, uniq_aizul
Snake:2:  layout_grid_maze, serial_shops, shop, shop, shop, serial_bayou_pond_a,
          drop_trap, serial_bayou_ford_a
Snake:3:  layout_rooms, nrook_loot_triangle, grunt_ministairs_3,
          nicolae_large_snake_swirl
Snake:4:  johnstein_snake_rune_scales, layout_onion_interference,
          nrook_guardian_serpent_double
Slime:1:  layout_caves
Slime:2:  layout_caves, dissolution_awaits
Slime:3:  layout_caves
Slime:4:  layout_caves
Slime:5
Orc:1:    layout_caves
Orc:2:    grunt_orc_tribal_feast, layout_diamond_mine, gammafunk_ghost_grave,
          basic_altar
Elf:1:    minmay_elf_arrival_summoners, layout_onion_city, serial_shops, shop,
          minmay_elf_sorcery, st_stairs_7, grunt_ministairs_3
Elf:2:    layout_geoelf_grid
Elf:3:    grunt_elf_hall_branching, layout_geoelf_octagon, special_room
          [special_room_orc], serial_shops, nicolae_shop_waterfront
Vaults:1: vaults_mumra_lcd, v_misc_1, v_rooms_4, v_rooms_1,
          nicolae_vaults_ring_of_whatevers, ontoclasm_vaults_ring_large,
          vaults_room_hangedman_quadrants, vaults_room_large_hall,
          nicolae_vaults_rhombus_5, v_pattern_1, vaults_room_grid,
          layout_vaults_omnigrid, trove_entry_hex_spiral, serial_shops, shop,
          uniq_saint_roka
Vaults:2: minmay_crypt_entry_necro_gods, vaults_mumra_minichess_inversion,
          hangedman_vaults_snaps, ontoclasm_vaults_ring_square,
          hangedman_vaults_stretched_pinwheel, v_alt_pattern_2,
          nicolae_vaults_diagonal_hallway_7, nicolae_vaults_network_barrier,
          vaults_standard_mumra_enter_the_diamond, grunt_vaults_trifunnel,
          vaults_room_semicircle, v_misc_15, layout_vaults_maze_bifur,
          serial_shops, nicolae_shop_statue_plus
Vaults:3: nicolae_vaults_yaktaur_gun_rack, ontoclasm_vaults_gateway,
          hangedman_vaults_slice, ontoclasm_vaults_loading_screen, v_misc_18,
          nicolae_vaults_theta, nicolae_vaults_hallways_thing,
          nicolae_vaults_network_s, nicolae_vaults_network_star, v_misc_2,
          grunt_vaults_hallway_long, nicolae_vaults_little_squares_4,
          vaults_room_semicircle, layout_vaults_big_cross
Vaults:4: v_misc_27, nicolae_vaults_asterisk, nicolae_vaults_shelves_hall,
          nicolae_vaults_little_squares_6, nicolae_vaults_triangles,
          hangedman_vaults_impose, nicolae_vaults_theta,
          grunt_vaults_hallway_short, nicolae_vaults_what_the_h,
          layout_vaults_big_room, serial_shops, shop
Vaults:5: uniq_margery
Crypt:1:  due_chaos_kobolds, layout_chaotic_city,
          infiniplex_enter_wizlab_spiral, st_stairs_3,
          nicolae_crypt_little_mausoleum, uniq_sojobo
Crypt:2:  layout_rooms, special_room [special_room_morgue], minivault_23,
          ebering_dispersal_statue_hall, not_door_vault_due
Crypt:3:  due_elkab, layout_chaotic_city, tomb_entry_shell_bobbens,
          uniq_frederick
Depths:1: layout_basic, grunt_mini_vestibule, patterned_corridor,
          kennysheep_four_rooms, minmay_shoptagon
Depths:2: cross_vault, layout_cave_pools, hell_entry,
          infiniplex_staircase_zigzag_2, grunt_megastairs_5, minmay_shop_grove,
          firewood_loft, uniq_mara
Depths:3: kennysheep_spiral_hall, layout_gridlike, pf_hell_entry_tar_river,
          serial_shops, shop, rand_demon_pan_entry_5, lemuel_round_altar,
          serial_bayou_shore_a, serial_bayou_shore_b, uniq_mennas
Depths:4: minmay_broken_ring, layout_cave_shapes, kennysheep_minor_cross,
          hellmouth_1, abyss_entry_glasseish,
          hangedman_abyss_or_decor_lesser_grid, minmay_staircase_windowed_large,
          uniq_boris
Depths:5: grunt_bruiser_brothers, layout_cave_pools, enter_ziggurat_b,
          abyss_entry_flame_altar, hangedman_abyss_or_decor_jellyfish_corner,
          pf_hell_entry_great_geh, minmay_orc_keep, serial_bayou_shore_b
Hell
Dis:1:    layout_jigsaw, hangedman_player_shredder
Dis:2:    layout_gridville
Dis:3:    layout_regular_city
Geh:1:    layout_gehenna_lava_caves
Geh:2:    layout_gehenna_lava_caves
Geh:3:    minmay_firetagon, layout_gehenna_pools_triple
Geh:4:    layout_gehenna_lava_caves
Geh:5:    layout_gehenna_lava_caves
Geh:6:    layout_gehenna_lava_caves
Geh:7:    geh_old
Coc:1:    layout_cocytus_water_paths
Coc:2:    grunt_deathspiral_small, layout_ice_bergs
Coc:3:    layout_cocytus_water_paths
Coc:4:    layout_cocytus_water_paths
Coc:5:    layout_cocytus_water_paths
Coc:6:    layout_cocytus_water_paths
Coc:7:    coc_mu
Zot:1:    layout_gridlike
Zot:2:    layout_gridlike, zot_minivault_8, grunt_megastairs_4
Zot:3:    kennysheep_oblong_rooms, layout_twisted_circle
Zot:4:    layout_onion_interference
Zot:5:    layout_misc_corridors, st_stairs_3, lemuel_baited_zot_trap,
          kennysheep_underground_church

Skill      XL: |  1  2  3  4  5  6  7  8  9 10 11 12 13 14 15 16 17 18 19 20 21 22 23 24 25 26 27 |
---------------+----------------------------------------------------------------------------------+-----
Axes           | 3 4 5 6 7 9 11 13 14 15 16 17 | 17.6
Maces & Flails | 7 12 15 16 | 16.7
Fighting       | 10 13 14 15 16 17 18 19 20 21 22 23 24 27 | 27.0
Armour         | 4 7 9 10 12 13 14 15 16 17 18 20 21 27 | 27.0
Dodging        | 2 5 7 9 10 11 12 13 14 15 17 18 19 27 | 27.0
Shields        | 4 7 9 10 12 13 14 15 16 | 16.1
Throwing       | 3 5 7 9 10 11 12 13 14 15 16 18 26 | 26.4
Invocations    | 1 5 6 8 9 10 11 12 16 | 16.7
Evocations     | 4 5 7 8 |  8.6
Stealth        | 1 3 4 5 6 |  6.6

Action                   |  1- 3 |  4- 6 |  7- 9 | 10-12 | 13-15 | 16-18 | 19-21 | 22-24 | 25-27 || total
-------------------------+-------+-------+-------+-------+-------+-------+-------+-------+-------++-------
Melee: War axe           |    68 |   146 |    60 |       |       |       |       |       |       ||   274
       Headbutt          |    12 |    34 |    49 |   111 |   279 |   334 |   374 |   237 |  1712 ||  3142
       Dire flail        |       |       |   217 |   427 |       |       |       |       |       ||   644
       Battleaxe         |       |       |       |     8 |       |       |       |       |       ||     8
       Broad axe         |       |       |       |    78 |   844 |  1082 |  1154 |   628 |  4564 ||  8350
       Unarmed           |       |       |       |       |    25 |       |       |       |       ||    25
       Morningstar       |       |       |       |       |    37 |       |       |       |       ||    37
       Sacred scourge    |       |       |       |       |       |       |       |       |   331 ||   331
Throw: Javelin           |       |       |       |       |     3 |    22 |       |       |    44 ||    69
       Boomerang         |       |       |       |       |       |    10 |       |       |    59 ||    69
Invok: Heroism           |       |       |       |     4 |     2 |     8 |     1 |     3 |     9 ||    27
       Finesse           |       |       |       |       |     1 |     6 |     1 |     2 |     8 ||    18
       Recite            |       |       |       |       |       |       |       |       |     6 ||     6
       Vitalisation      |       |       |       |       |       |       |       |       |     2 ||     2
       Sanctuary         |       |       |       |       |       |       |       |       |     1 ||     1
Evoke: Wand              |       |       |       |     8 |     3 |       |       |       |     2 ||    13
       Phantom mirror    |       |       |       |     2 |     1 |       |       |       |     2 ||     5
       Condenser vane    |       |       |       |       |       |     3 |       |       |     2 ||     5
  Use: Potion            |       |       |     6 |     3 |     8 |     9 |     5 |     3 |    37 ||    71
       Scroll            |       |       |       |    19 |    13 |    26 |     8 |     6 |    44 ||   116
 Stab: Paralysed         |       |       |       |     1 |       |       |       |       |       ||     1
       Petrified         |       |       |       |       |       |     2 |       |       |       ||     2
       Sleeping          |       |       |       |       |       |       |     7 |     1 |       ||     8
       Distracted        |       |       |       |       |       |       |     5 |       |     1 ||     6
       Invisible         |       |       |       |       |       |       |       |       |    15 ||    15
       Confused          |       |       |       |       |       |       |       |       |     3 ||     3
Armor: Scale mail        |    11 |       |       |    57 |   257 |   201 |   117 |    73 |       ||   716
       Chain mail        |    19 |    79 |   173 |   271 |       |     8 |       |       |       ||   550
       Skin              |       |       |       |       |    91 |       |       |       |       ||    91
       Plate armour      |       |       |       |       |       |       |       |    19 |   100 ||   119
       Gold dragon scale |       |       |       |       |       |       |       |       |  1349 ||  1349
Dodge: Dodged            |    21 |    28 |   105 |   206 |   268 |   519 |   399 |   236 |  1699 ||  3481
       Repelled          |       |       |       |       |       |    28 |    23 |     4 |    83 ||   138
Block: Kite shield       |    28 |    45 |    27 |    17 |   417 |   835 |   512 |   323 |  2215 ||  4419
       Tower shield      |       |       |       |       |   161 |       |       |       |       ||   161
       Reflection        |       |       |       |       |       |    75 |    83 |    42 |    83 ||   283

Table legend: (Time is in decaauts)
 A = Elapsed time spent in this place.
 B = Non-inter-level travel time spent in this place.
 C = Inter-level travel time spent in this place.
 D = Time resting spent in this place.
 E = Time spent auto-exploring this place.
 F = Levels seen in this place.
 G = Mean time per level.
                   A        B        C        D        E       F      G
               +--------+--------+--------+--------+--------+-----+--------+
         Total |  83358 |  74363 |   8995 |   8445 |  49183 |  84 |  992.4 |
       Dungeon |  20958 |  17367 |   3591 |   1930 |  12526 |  15 | 1397.2 |
        Temple |    236 |    199 |     37 |      0 |    197 |   1 |  236.0 |
          Lair |   7839 |   6882 |    957 |    448 |   5379 |   6 | 1306.5 |
        Shoals |   5704 |   5526 |    178 |    986 |   3405 |   4 | 1426.0 |
     Snake Pit |   5814 |   5335 |    479 |    641 |   3786 |   4 | 1453.5 |
    Slime Pits |   1094 |   1014 |     80 |      0 |    587 |   5 |  218.8 |
  Orcish Mines |   1111 |    938 |    173 |     13 |    746 |   2 |  555.5 |
   Elven Halls |   5299 |   5015 |    284 |   1595 |   2333 |   3 | 1766.3 |
        Vaults |   9766 |   8431 |   1335 |    210 |   6668 |   5 | 1953.2 |
         Crypt |   3152 |   2961 |    191 |      0 |   2128 |   3 | 1050.7 |
        Depths |   6322 |   5188 |   1134 |    409 |   3721 |   5 | 1264.4 |
          Hell |    981 |    859 |    122 |    324 |    315 |   1 |  981.0 |
           Dis |    284 |    284 |      0 |     54 |    149 |   3 |   94.7 |
       Gehenna |   1933 |   1923 |     10 |    319 |    642 |   7 |  276.1 |
       Cocytus |   3494 |   3452 |     42 |    604 |   1235 |   7 |  499.1 |
           Zot |   6012 |   5636 |    376 |    748 |   4029 |   5 | 1202.4 |
         Abyss |   2679 |   2679 |      0 |    161 |   1073 |   6 |  446.5 |
         Trove |    199 |    199 |      0 |      0 |      2 |   1 |  199.0 |
        Wizlab |    473 |    473 |      0 |      0 |    255 |   1 |  473.0 |
               +--------+--------+--------+--------+--------+-----+--------+

Top non-repeatable levels by time:
    D:12: 2873 daAuts
   Elf:2: 2806 daAuts
   Coc:7: 2770 daAuts
Vaults:1: 2688 daAuts
 Snake:4: 2678 daAuts
    D:11: 2214 daAuts
  Lair:6: 2155 daAuts
Shoals:2: 2064 daAuts
Vaults:2: 1915 daAuts
    D:15: 1815 daAuts
Vaults:5: 1758 daAuts
Vaults:4: 1743 daAuts
    D:13: 1710 daAuts
    D:10: 1698 daAuts
Vaults:3: 1659 daAuts
